 Dungeon Crawl Stone Soup version 0.18.1-6-gd335043 (webtiles) character file.

117698 nubinia the Spry (level 16, 90/91 HPs)
             Began as a Spriggan Artificer on May 14, 2016.
             Was the Champion of Pakellas.
             Quit the game on level 1 of the Spider Nest on May 15, 2016.
             The game lasted 05:14:14 (32194 turns).

nubinia the Spry (Spriggan Artificer)              Turns: 32194, Time: 05:14:15

Health: 90/91      AC: 10    Str: 13    XL:     16   Next: 23%
Magic:  9/28       EV: 37    Int: 14    God:    Pakellas [******]
Gold:   2063       SH: 12    Dex: 23    Spells: 0 memorised, 15 levels left

rFire  + + .     SeeInvis +     a - +1 dagger (freeze)
rCold  . . .     Gourm    .     D - +2 robe {MR+}
rNeg   . . .     Faith    .     S - +0 buckler
rPois  .         Spirit   .     (helmet restricted)
rElec  .         Dismiss  .     F - +1 cloak
rCorr  .         Reflect  +     (gloves unavailable)
SustAt .         Harm     .     (boots unavailable)
MR     +++..                    r - +3 amulet of reflection
Stlth  +++++++...               q - ring of the Assorted Dances {*Drain rF++ Str+6 Stlth-}
                                u - +4 ring of protection

@: very quick, extremely resistant to hostile enchantments, extremely stealthy
A: unfitting armour, see invisible, herbivore 3, speed 3, slow metabolism 2
a: Quick Charge, Device Surge, Renounce Religion


You were on level 1 of the Spider Nest.
You worshipped Pakellas.
Pakellas was exalted by your worship.
You were not hungry.

You visited 5 branches of the dungeon, and saw 25 of its levels.
You also visited: Ice Cave and Volcano.

You collected 3487 gold pieces.
You spent 1424 gold pieces at shops.

Inventory:

Hand Weapons
 a - a +1 dagger of freezing (weapon)
 b - a +4 hunting sling of velocity
 d - the +4 dagger "Boip" {pierce, rPois SInv Stlth-}
   (You found it on level 4 of the Dungeon)

   It inflicts extra damage upon your enemies.
   It protects you from poison.
   It lets you see invisible.
   It makes you less stealthy.
 m - the +1 blowgun of the Dungeon {evade, *Confuse rElec Int+2 Stlth+}
   (You bought it in a shop on level 9 of the Dungeon)

   It affects your evasion (+5 to EV).
   It affects your intelligence (+2).
   It insulates you from electricity.
   It may confuse you when you take damage.
   It makes you more stealthy.
Missiles
 y - 44 poisoned needles
 R - 50 sling bullets
 Y - 24 curare-tipped needles
Armour
 D - a +2 robe of magic resistance (worn)
 F - a +1 cloak (worn)
 S - a +0 buckler (worn)
Rods
 p - a -2 lightning rod (9/9)
   (You took it off a gnoll on level 8 of the Dungeon)
 E - a +10 rod of shadows (6/18)
   (You found it on level 5 of the Dungeon)
 T - a +2 lightning rod (12/12)
   (Pakellas gifted it to you on level 9 of the Dungeon)
Jewellery
 i - the ring of Boagum {EV+2 Int+2}
   (You found it in an ice cave)

   [ring of evasion]

   It affects your evasion (+2).
   It affects your intelligence (+2).
 q - the ring of the Assorted Dances (right hand) {*Drain rF++ Str+6 Stlth-}
   (You found it on level 1 of the Spider Nest)

   [ring of loudness]

   It affects your strength (+6).
   It greatly protects you from fire.
   It causes draining when unequipped.
   It makes you less stealthy.
 r - a +3 amulet of reflection (around neck)
 u - a +4 ring of protection (left hand)
 W - an uncursed ring of protection from cold
Wands
 j - a wand of digging (6/24)
 s - a wand of lightning (8/15)
 v - a wand of hasting (7/9)
 z - a wand of enslavement (21/24)
 B - a wand of acid (11/15)
 H - a wand of disintegration (11/24)
 I - a wand of acid (5/15)
 K - a wand of iceblast (8/15)
 P - a wand of iceblast (1/15)
 Q - a wand of flame (7/48)
Scrolls
 c - a scroll of holy word
 e - 2 scrolls of fog
 g - 2 scrolls of fear
 l - 4 scrolls of remove curse
 o - 5 scrolls of teleportation
 A - 3 scrolls of enchant weapon
 L - 2 scrolls of enchant armour
 M - 2 scrolls of identify
Potions
 h - 3 potions of berserk rage
 k - 3 potions of brilliance
 n - 4 potions of heal wounds
 t - 2 potions of resistance
 w - 7 potions of curing
 x - 7 potions of agility
 J - 9 potions of magic
 N - a potion of cancellation
 O - 3 potions of flight
 U - a potion of haste
 X - 3 potions of might
Miscellaneous
 C - a stone of tremors
 G - a lamp of fire
 Z - a disc of storms
Comestibles
 f - 8 bread rations


   Skills:
 + Level 13.2 Fighting
 + Level 8.9 Short Blades
   Level 0.2 Maces & Flails
 + Level 13.3(13.4) Slings
 + Level 1.2(7.5) Throwing
 + Level 18.1 Dodging
 + Level 18.1 Stealth
 + Level 5.9 Shields
 + Level 15.5 Evocations


You had 15 spell levels left.
You didn't know any spells.

Dungeon Overview and Level Annotations

Branches:
Dungeon (12/15)            Temple (0/1) D:5            Lair (8/8) D:11
  Swamp (2/4) Lair:3       Spider (1/4) Lair:4        Slime (0/6) Lair:6
    Orc (2/2) D:12            Elf (0/3) Orc:2

Altars:
Ashenzari
Dithmenos
Elyvilon
Gozag
Nemelex Xobeh
Okawaru
Pakellas
Ru
Xom
Zin
Beogh

Shops:
D:4 :   D:9 (   Orc:1 %[:}   Orc:2 ?}%

Portals:
Pandemonium: Orc:2

Annotations:
D:2 exclusion: door, Natasha


Innate Abilities, Weirdness & Mutations

You are tiny and cannot use many weapons and most armour.
You have supernaturally acute eyesight.
You are a herbivore.
You cover ground extremely quickly.
You need consume almost no food.


Message History

The orb spider bites your great orb of eyes.
Wisps of shadow whirl around you...
Your great orb of eyes gazes at the orb spider.
The orb spider suddenly stops moving!
Really attack while wielding your +10 rod of shadows (5/18)?
Okay, then.
Your +1 dagger of freezing glows with a cold blue light!.
a - a +1 dagger of freezing (weapon)
Your great orb of eyes bites the orb spider!
Your great orb of eyes bites the orb spider!
You see here a tarantella corpse.
Your great orb of eyes gazes at the orb spider.
The orb spider resists with significant effort.
The helpless orb spider fails to defend itself.
You stick the orb spider like a pincushion!!!!!
You freeze the orb spider.
You kill the orb spider!
Pakellas accepts your kill.
Your great orb of eyes dissolves into shadows!
Are you sure you want to abandon this character and quit the game? (Confirm with "yes".)

[......# ###.#.....####...#.#
.......###..........###..##.#
.......#.............#..#####
.....≈≈≈≈≈≈≈......#......#.#
...≈≈≈≈≈≈≈≈≈≈≈....##.....#?#
..≈≈≈#.#####≈≈≈.B##.......#
..≈≈##†≈≈≈≈#P≈≈.†........s#
..≈≈#(≈≈≈≈≈PP≈≈†..#######...s...
..≈≈##≈≈≈††#P≈≈.@..# #.s......
.#≈≈≈#####†#≈≈≈....## ..s......
##.≈≈≈≈≈≈≈≈≈≈≈......# ...s.s....
.....≈≈≈≈≈≈†........##..........
........#..........##............
.......#.#........###............
.......#.##......#.#.............
.........###..####...............
......##.####.##.^##.............


You could see a friendly boulder beetle.

Vanquished Creatures
  Rupert (Lair:7)
  2 thorn hunters
  The ghost of Uhlv the Peltast, a journeyman MiFi of the Shining One (IceCv)
  A ghost moth (Spider:1)
  An emperor scorpion (Spider:1)
  Snorg (Lair:5)
  2 ice dragons (IceCv)
  12 hydras
  3 alligators
  Urug (Lair:2)
  13 death yaks
  5 orc high priests (Orc:2)
  A spriggan (Swamp:2)
  A fire crab (Lair:4)
  A spriggan druid (Swamp:2)
  2 unseen horrors
  4 swamp dragons (Swamp:2)
  An infernal demonspawn (Orc:2)
  A hill giant (D:11)
  A lindwurm (Lair:4)
  A torturous demonspawn (Orc:2)
  2 orc knights (Orc:2)
  2 deep elf magi
  2 ugly things (D:12)
  2 hornets
  5 orc sorcerers (Orc:2)
  The ghost of Gorice the Carver, a novice HuSk (D:9)
  4 orb spiders (Spider:1)
  4 wolf spiders (Spider:1)
  A griffon (Lair:5)
  A cyclops (D:11)
  A sixfirhy (Orc:2)
  8 elephants
  Joseph (D:7)
  7 black mambas
  2 gargoyles
  12 spiny frogs
  A centaur skeleton (D:9)
  A torpor snail (Lair:7)
  8 rime drakes
  11 komodo dragons
  2 demonic crawlers (Spider:1)
  A kobold demonologist (D:12)
  6 trolls
  6 jumping spiders (Spider:1)
  11 polar bears
  A giant leech (Swamp:2)
  A raiju (Lair:8)
  A two-headed ogre (Volcano)
  10 blink frogs
  2 bog bodies (Swamp:1)
  Grinder (D:3)
  A boulder beetle (Lair:6)
  A centaur simulacrum (D:11)
  2 tarantellas (Spider:1)
  A wraith (D:11)
  6 redbacks
  5 wyverns
  35 yaks
  3 hogs (Volcano)
  6 hippogriffs
  3 basilisks
  A hungry ghost (D:9)
  6 vampire mosquitoes
  10 swamp worms
  10 wargs
  3 hell hounds (Lair:8)
  A soldier ant (D:10)
  14 water moccasins
  9 porcupines
  36 orc warriors
  A swamp drake (Swamp:2)
  4 sky beasts
  A wasp (Swamp:2)
  19 ice beasts
  14 black bears
  A necrophage (D:10)
  9 ogres
  21 wolves
  11 centaurs
  4 phantoms
  13 crocodiles
  2 big kobolds (D:8)
  18 giant frogs
  A wyvern skeleton (D:8)
  A scorpion (D:7)
  9 killer bees
  3 wights (D:12)
  A howler monkey (shapeshifter) (Lair:8)
  An electric eel (D:11)
  5 howler monkeys
  3 crimson imps
  A quasit (D:7)
  2 centaur zombies
  4 giant frog skeletons
  13 hounds
  A wasp zombie (D:12)
  16 orc priests
  A giant frog zombie (D:12)
  4 jellies
  11 orc wizards
  Natasha (twice) (D:2)
  6 iguanas
  7 worker ants
  5 sheep
  2 hound skeletons (D:6)
  A worker ant zombie (D:9)
  Robin (D:2)
  41 river rats
  10 adders
  16 gnolls
  A shadow imp (D:7)
  7 white imps (D:11)
  2 worker ant simulacra (D:11)
  An ufetubus (D:11)
  An adder skeleton (D:8)
  14 worms
  3 dart slugs
  9 giant geckos
  79 orcs
  A ball python (D:3)
  4 bats
  7 giant cockroaches
  3 hobgoblins
  14 jackals
  3 quokkas
  A giant gecko skeleton (D:6)
  7 giant newts
  16 goblins
  10 kobolds
  7 rats
  2 fungi
  4 plants (Lair:8)
809 creatures vanquished.

Vanquished Creatures (collateral kills)
  Saint Roka (Orc:2)
  A thorn hunter (Swamp:2)
  Donald (Spider:1)
  An orc warlord (Orc:2)
  2 hydras (Swamp:1)
  4 death yaks
  An alligator (Swamp:1)
  A soul eater (Orc:2)
  Sonja (Orc:2)
  A spriggan (Swamp:1)
  A gelid demonspawn (Orc:2)
  2 orc knights (Orc:2)
  Pikel (D:5)
  2 orc sorcerers (Orc:2)
  An oklob plant (Lair:7)
  2 wolf spiders (Spider:1)
  An elephant (Lair:8)
  A centaur zombie (D:11)
  3 black mambas (Lair:5)
  2 spiny frogs
  A komodo dragon (Lair:7)
  A demonic crawler (Spider:1)
  A rime drake (Lair:7)
  A jumping spider (Spider:1)
  A giant leech (Swamp:2)
  6 blink frogs
  A boulder beetle (Lair:7)
  2 raiju (Lair:8)
  4 slime creatures (Swamp:2)
  10 yaks
  A tarantella (Spider:1)
  A wraith (D:11)
  A hippogriff (D:11)
  8 vampire mosquitoes
  A swamp worm (Spider:1)
  A porcupine (Lair:7)
  2 water moccasins
  A hell hound (Lair:8)
  A black bear (Lair:8)
  11 orc warriors
  An ice beast (D:11)
  A slave (D:5)
  A swamp drake (Swamp:2)
  An ogre (D:10)
  A phantom (D:5)
  2 wasps (Swamp:1)
  2 centaurs
  6 wolves
  4 crocodiles
  2 giant frogs
  A gnoll sergeant (D:5)
  A scorpion (D:5)
  A killer bee (D:11)
  5 orc priests
  3 hounds (Lair:8)
  A worker ant (D:5)
  5 sheep (Lair:7)
  A centaur simulacrum (D:11)
  14 river rats
  9 white imps (D:11)
  A worm (D:5)
  11 orcs
  A giant cockroach (D:5)
  4 jackals (Lair:8)
  A fungus (Lair:5)
166 creatures vanquished.

Vanquished Creatures (others)
  2 orc warriors (Orc:2)
  A gnoll sergeant (D:5)
  An orc priest (Orc:2)
  An orc wizard (D:7)
  2 briar patches (Swamp:1)
  18 fungi
  22 plants
  4 toadstools (D:1)
51 creatures vanquished.

Grand Total: 1026 creatures vanquished

Notes
Turn   | Place    | Note
--------------------------------------------------------------
     0 | D:1      | nubinia the Spriggan Artificer began the quest for the Orb.
     0 | D:1      | Reached XP level 1. HP: 9/9 MP: 4/4
   242 | D:1      | Reached XP level 2. HP: 14/14 MP: 6/6
  1112 | D:2      | Noticed Natasha
  1261 | D:2      | Found an iron altar of Okawaru.
  1319 | D:2      | Noticed Robin
  1319 | D:2      | Killed Robin
  1319 | D:2      | Reached XP level 3. HP: 15/17 MP: 7/7
  1433 | D:2      | Reached skill level 1 in Fighting
  1491 | D:2      | Found a glowing silver altar of Zin.
  1496 | D:2      | Killed Natasha
  1496 | D:2      | Reached skill level 5 in Evocations
  1496 | D:2      | Reached XP level 4. HP: 22/22 MP: 8/8
  1933 | D:2      | Noticed Natasha
  1955 | D:2      | Killed Natasha
  1955 | D:2      | Reached skill level 5 in Dodging
  2159 | D:2      | Noticed Natasha
  2299 | D:2      | Found an oddly glowing altar of Pakellas.
  2303 | D:2      | Became a worshipper of Pakellas the Inventive
  2312 | D:2      | Found an opulent altar of Gozag.
  2545 | D:3      | Reached XP level 5. HP: 25/25 MP: 9/9
  2613 | D:3      | Noticed Grinder
  2627 | D:3      | Killed Grinder
  2627 | D:3      | Reached XP level 6. HP: 14/30 MP: 9/11
  3321 | D:3      | Reached * piety under Pakellas
  3321 | D:3      | Received a gift from Pakellas
  3321 | D:3      | Reached skill level 1 in Slings
  4005 | D:4      | Reached skill level 10 in Dodging
  4005 | D:4      | Reached XP level 7. HP: 38/38 MP: 11/14
  4073 | D:4      | Found Ahim's Book Emporium.
  4199 | D:4      | Reached skill level 10 in Stealth
  4676 | D:4      | Found a shadowy altar of Dithmenos.
  4745 | D:4      | Got a translucent dagger
  5369 | D:5      | Entered Level 5 of the Dungeon
  5482 | D:5      | Found a white marble altar of Elyvilon.
  5632 | D:5      | Found a staircase to the Ecumenical Temple.
  5669 | D:5      | Reached XP level 8. HP: 42/42 MP: 6/15
  5700 | D:5      | Identified a -1 rod of shadows (11/11) (You found it on level 5 of the Dungeon)
  5764 | D:5      | Identified the +4 dagger "Boip" {pierce, rPois SInv Stlth-} (You found it on level 4 of the Dungeon)
  5827 | D:5      | Reached ** piety under Pakellas
  5827 | D:5      | Received a gift from Pakellas
  6522 | D:5      | Noticed Pikel
  6549 | D:5      | Killed Pikel
  6549 | D:5      | Reached skill level 5 in Fighting
  7175 | D:6      | Reached XP level 9. HP: 47/47 MP: 11/16
  7685 | D:7      | Found a sparkling altar of Nemelex Xobeh.
  7773 | D:7      | Noticed Joseph
  7788 | D:7      | Reached *** piety under Pakellas
  7788 | D:7      | Received a gift from Pakellas
  7803 | D:7      | Killed Joseph
  8632 | D:8      | Found a shattered altar of Ashenzari.
  8953 | D:8      | Reached XP level 10. HP: 42/51 MP: 4/18
  9002 | D:8      | Reached **** piety under Pakellas
  9002 | D:8      | Received a gift from Pakellas
  9369 | D:8      | Reached skill level 5 in Slings
  9948 | D:9      | Found Asofaon's Antique Weapon Shoppe.
 10141 | D:9      | Reached ***** piety under Pakellas
 10141 | D:9      | Received a gift from Pakellas
 10248 | D:9      | Bought an iridescent blowgun for 210 gold pieces
 10250 | D:9      | Identified the cursed +1 blowgun of the Dungeon {evade, *Confuse rElec Int+2 Stlth+} (You bought it in a shop on level 9 of the Dungeon)
 10361 | D:9      | Noticed Gorice's ghost (novice HuSk)
 10710 | D:9      | Killed Gorice's ghost
 11163 | D:10     | Entered Level 10 of the Dungeon
 11282 | D:10     | Noticed an unseen horror
 11331 | D:10     | Killed an unseen horror
 11701 | D:10     | Reached XP level 11. HP: 56/56 MP: 16/19
 12367 | D:11     | Identified a scroll of acquirement
 12368 | D:11     | Got a slimy robe
 12377 | D:11     | Reached skill level 10 in Evocations
 12433 | D:11     | Found a frozen archway.
 12560 | IceCv    | Entered an ice cave
 12931 | IceCv    | Noticed an ice dragon
 12933 | IceCv    | Noticed an ice dragon
 12934 | IceCv    | Noticed Uhlv's ghost (journeyman MiFi)
 12936 | IceCv    | Killed an ice dragon
 12944 | IceCv    | Killed an ice dragon
 13040 | IceCv    | Got a fine silver ring
 13137 | IceCv    | Killed Uhlv's ghost
 13198 | D:11     | Noticed an unseen horror
 13227 | D:11     | Killed an unseen horror
 13309 | D:11     | Noticed a four-headed hydra
 13309 | D:11     | Noticed a hill giant
 13314 | D:11     | Reached skill level 1 in Shields
 13325 | D:11     | Killed a four-headed hydra
 13325 | D:11     | Reached XP level 12. HP: 60/60 MP: 21/21
 13572 | D:11     | Reached skill level 10 in Slings
 13604 | D:11     | Identified the ring of Boagum {EV+2 Int+2} (You found it in an ice cave)
 13623 | D:11     | Identified the +0 robe "Gehuih" {Str+2 Int+5} (You acquired it on level 11 of the Dungeon)
 13676 | D:11     | Found a staircase to the Lair.
 13885 | D:11     | Reached ****** piety under Pakellas
 14088 | Lair:1   | Entered Level 1 of the Lair of Beasts
 14218 | Lair:1   | Identified a +10 rod of shadows (18/18) (supercharged by Pakellas)
 14367 | Lair:1   | Noticed a seven-headed hydra
 14380 | Lair:1   | Killed a seven-headed hydra
 14927 | D:4      | Bought a manual of Fighting for 1214 gold pieces
 15338 | Lair:2   | Noticed Urug
 15345 | Lair:2   | Killed Urug
 16320 | Lair:3   | Found a staircase to the Swamp.
 16836 | Lair:4   | Found a hole to the Spider Nest.
 17028 | Lair:4   | Reached XP level 13. HP: 70/70 MP: 23/23
 17413 | Lair:4   | Reached skill level 10 in Fighting
 18217 | Lair:5   | Noticed Snorg
 18248 | Lair:5   | Killed Snorg
 19244 | Lair:6   | Found a staircase to the Slime Pits.
 19723 | Lair:7   | Noticed Rupert
 19729 | Lair:7   | Killed Rupert
 19986 | Lair:7   | Reached skill level 15 in Stealth
 19987 | Lair:7   | Reached XP level 14. HP: 81/81 MP: 24/24
 19999 | Lair:7   | Reached skill level 15 in Dodging
 20881 | Lair:8   | Entered Level 8 of the Lair of Beasts
 21275 | Lair:8   | Found a dark tunnel.
 21396 | Volcano  | Entered a volcano
 22136 | Lair:8   | Got a faintly glowing hand axe
 22141 | Lair:8   | Identified the +7 hand axe "Issa" {chop, *Rage Str+3 Int+4} (You found it on level 8 of the Lair of Beasts)
 23635 | Lair:8   | Reached XP level 15. HP: 81/86 MP: 24/26
 23946 | Lair:8   | Upgraded the game from 0.18.1-5-g4a78601 to 0.18.1-6-gd335043
 24125 | D:12     | Found a shimmering altar of Xom.
 24574 | D:12     | Found a staircase to the Orcish Mines.
 25110 | Orc:1    | Entered Level 1 of the Orcish Mines
 25110 | Orc:1    | Found Catal's Gadget Shop.
 25150 | Orc:1    | Found Gukkef's Antique Armour Shoppe.
 25153 | Orc:1    | Found Imias's Book Shop.
 25268 | Orc:1    | Found Guaduv's Food Emporium.
 25334 | Orc:1    | Found a roughly hewn altar of Beogh.
 25669 | Orc:2    | Entered Level 2 of the Orcish Mines
 25692 | Orc:2    | Noticed Saint Roka
 26239 | Orc:2    | Found Izxullan's Food Emporium.
 26563 | Orc:2    | Noticed an orc warlord
 26578 | Orc:2    | Killed an orc warlord
 26702 | Orc:2    | Found Wikoatin's Magic Scroll Shoppe.
 27227 | Orc:2    | Found a staircase to the Elven Halls.
 27499 | Orc:2    | Noticed Sonja
 27522 | Orc:2    | Killed Sonja
 27542 | Orc:2    | Killed Saint Roka
 27593 | Orc:2    | Reached skill level 5 in Shields
 28002 | Orc:2    | Found Semiull's Antique Armour Shop.
 28002 | Orc:2    | Found Ogicoka's Gadget Boutique.
 28002 | Orc:2    | Found a one-way gate leading to the halls of Pandemonium.
 28531 | Swamp:1  | Entered Level 1 of the Swamp
 28553 | Swamp:1  | Reached skill level 15 in Evocations
 28846 | Swamp:1  | Found a sacrificial altar of Ru.
 28986 | Swamp:1  | Noticed a thorn hunter
 29000 | Swamp:1  | Killed a thorn hunter
 30012 | Swamp:2  | Noticed a thorn hunter
 30022 | Swamp:2  | Killed a thorn hunter
 30076 | Swamp:2  | Noticed a thorn hunter
 30089 | Swamp:2  | Killed a thorn hunter
 30479 | Spider:1 | Entered Level 1 of the Spider Nest
 30531 | Spider:1 | Reached XP level 16. HP: 91/91 MP: 10/28
 30736 | Spider:1 | Noticed Donald
 30761 | Spider:1 | Killed Donald
 31003 | Spider:1 | Reached skill level 1 in Throwing
 32113 | Spider:1 | Got a pitted lapis lazuli ring
 32115 | Spider:1 | Identified the ring of the Assorted Dances {*Drain rF++ Str+6 Stlth-} (You found it on level 1 of the Spider Nest)
 32194 | Spider:1 | Quit the game

Skill      XL: |  1  2  3  4  5  6  7  8  9 10 11 12 13 14 15 16 |
---------------+-------------------------------------------------+-----
Stealth        | 2 3 4 9 10 11 12 13 14 15 16 17 18 | 18.1
Dodging        | 4 5 6 10 11 12 13 14 16 17 18 | 18.1
Fighting       | 1 4 5 9 12 13 | 13.2
Evocations     | 5 9 11 12 14 15 | 15.5
Short Blades   | 2 6 7 8 |  8.9
Slings         | 1 2 4 7 9 10 11 12 13 | 13.3
Shields        | 1 2 4 5 |  5.9
Throwing       | 1 |  1.2
Maces & Flails | |  0.2

Action                   |  1- 3 |  4- 6 |  7- 9 | 10-12 | 13-15 | 16-18 || total
-------------------------+-------+-------+-------+-------+-------+-------++-------
Melee: Short sword       |    82 |    95 |   226 |    13 |       |       ||   416
       Mace              |       |    19 |       |       |       |       ||    19
       Whip              |       |       |     6 |       |       |       ||     6
       Dagger            |       |       |   115 |   544 |  1362 |   191 ||  2212
 Fire: Hunting sling     |       |    30 |   131 |   289 |   372 |     7 ||   829
       Blowgun           |       |       |       |       |     3 |    13 ||    16
Throw: Stone             |     3 |     4 |       |       |       |       ||     7
Invok: Quick Charge      |       |       |     4 |     6 |    19 |     3 ||    32
       Supercharge       |       |       |       |     1 |       |       ||     1
Evoke: Wand              |     3 |     6 |    11 |    95 |   190 |     7 ||   312
       Rod               |       |       |     2 |    37 |   116 |    10 ||   165
       Sack of spiders   |       |       |     2 |     4 |     3 |       ||     9
       Lamp of fire      |       |       |     1 |     1 |     6 |       ||     8
       Stone of tremors  |       |       |       |     3 |     4 |       ||     7
       Disc of storms    |       |       |       |       |     2 |       ||     2
  Use: Scroll            |       |     6 |     5 |    20 |    11 |     1 ||    43
       Potion            |       |     1 |       |     2 |     3 |       ||     6
 Stab: Sleeping          |     4 |    10 |    37 |    38 |    66 |    12 ||   167
       Distracted        |       |     1 |     1 |     7 |    14 |     4 ||    27
       Confused          |       |       |     1 |     7 |     5 |       ||    13
       Paralysed         |       |       |     1 |     2 |     4 |     1 ||     8
       Petrifying        |       |       |       |     1 |       |       ||     1
       Invisible         |       |       |       |       |     2 |       ||     2
  Eat: Bread ration      |       |     1 |       |       |     4 |     1 ||     6
       Fruit             |       |       |       |    12 |     4 |       ||    16
       Pizza             |       |       |       |     2 |     1 |       ||     3
       Royal jelly       |       |       |       |     1 |       |       ||     1
Armor: Robe              |     4 |     6 |    10 |    16 |    47 |     6 ||    89
Dodge: Dodged            |    57 |   100 |   310 |   350 |   971 |   104 ||  1892
Block: Buckler           |       |       |       |   104 |   646 |    57 ||   807
       Reflection        |       |       |       |       |     5 |       ||     5
